 Dungeon Crawl Stone Soup version 0.20.1-1-g8b1a95d (webtiles) character file.

27 Kingsmith the Firebug (level 2, -9/19 HPs)
             Began as a Mummy Fire Elementalist on Dec 10, 2017.
             Engulfed by a cloud of steam (28 damage)
             ... on level 2 of the Dungeon.
             The game lasted 00:01:46 (1332 turns).

Kingsmith the Firebug (Mummy Fire Elementalist)     Turns: 1332, Time: 00:01:47

Health: -9/19      AC:  2    Str: 11    XL:     2   Next: 93%
Magic:  1/5        EV: 12    Int: 14    God:
Gold:   198        SH:  0    Dex: 12    Spells: 5/6 levels left

rFire    x . .     SeeInvis .   f - +0 club
rCold    + . .     Gourm    .   (no shield)
rNeg     + + +     Faith    .   a - +0 robe
rPois    ∞         Spirit   .   (no helmet)
rElec    .         Reflect  .   (no cloak)
rCorr    .         Harm     .   (no gloves)
MR       .....                  (no boots)
Stlth    +.........             (no amulet)
Regen    0.1/turn               (no ring)
MPRegen  0.1/turn               (no ring)

@: very slow
A: no food or potions, fire vulnerability, cold resistance 1, negative energy
resistance 3, torment resistance, unbreathing
a: no special abilities


You were on level 2 of the Dungeon.
You were not hungry.

You visited 1 branch of the dungeon, and saw 2 of its levels.

You collected 198 gold pieces.

Inventory:

Hand Weapons
 f - a +0 club (weapon)
Missiles
 h - 8 tomahawks (quivered)
Armour
 a - a +0 robe (worn)
Scrolls
 c - 2 scrolls of identify {unknown}
 d - a scroll of enchant weapon {unknown}
 e - a scroll of remove curse {unknown}
 g - a scroll of recharging {unknown}
Books
 b - a book of Flames

   Spells                             Type                      Level
   a - Flame Tongue                   Conjuration/Fire             1
   b - Throw Flame                    Conjuration/Fire             2
   c - Conjure Flame                  Conjuration/Fire             3
   d - Inner Flame                    Hexes/Fire                   3
   e - Sticky Flame                   Conjuration/Fire             4
   f - Fireball                       Conjuration/Fire             5


   Skills:
 - Level 1.5 Dodging
 - Level 1.5 Stealth
 - Level 2.6 Spellcasting
 - Level 0.7 Conjurations
 + Level 3.4 Fire Magic


You had 5 spell levels left.
You knew the following spells:

 Your Spells              Type           Power        Failure   Level  Hunger
a - Flame Tongue          Conj/Fire      #....        10%         1    N/A

Dungeon Overview and Level Annotations

Branches:
Dungeon (2/15)

Altars:
Elyvilon


Innate Abilities, Weirdness & Mutations

You do not eat or drink.
Your flesh is vulnerable to fire.
You are immune to poison.
Your flesh is cold resistant. (rC+)
You are immune to negative energy. (rN+++)
You are immune to unholy pain and torment.
You can survive without breathing.


Message History

The flame tongue hits the goblin.
You kill the goblin!
The kobold throws a stone.
The stone barely misses you.
Casting: Flame Tongue
Confirm with . or Enter, or press ? or * to list all spells.
Aiming: Flame Tongue
Press: ? - help, Shift-Dir - straight line, f - kobold
Aim: a kobold
Casting: Flame Tongue
Confirm with . or Enter, or press ? or * to list all spells.
Aiming: Flame Tongue
Press: ? - help, Shift-Dir - straight line, f/p - kobold
Aim: a kobold (heavily wounded)
The flame tongue hits the kobold.
You kill the kobold!
You enter the shallow water.
Moving in this stuff is going to be slow.
You are engulfed in a cloud of scalding steam.
Ouch! That really hurt!
You die...

♣♣♣ ##+##♣♣ ♣♣♣!♣♣♣
##.....♣♣ ♣♣.....♣♣
##.......♣♣♣.......♣♣ .
#...≈≈≈...♣...≈≈≈...♣..
##..≈≈≈≈≈.....≈≈≈≈≈.....
....≈≈♣≈≈..)..≈≈_§≈.....
#...≈≈≈≈≈.....≈≈@≈≈§....
##...≈≈≈...♣...≈§≈§§.♣..
##..)....♣♣♣....§..♣♣
##.....♣♣ ♣♣.(...♣♣
##.##♣♣ ♣♣♣.♣♣♣ #.# ♣♣♣
#.# #.# #.#


There were no monsters in sight!

Vanquished Creatures
  An ooze (D:1)
  3 bats
  2 giant cockroaches (D:1)
  3 goblins
  A hobgoblin (D:1)
  4 jackals (D:1)
  2 kobolds
  A frilled lizard (D:1)
  3 rats (D:1)
  A fungus (D:1)
21 creatures vanquished.

Notes
Turn   | Place    | Note
-------+----------+-------------------------------------------
     0 | D:1      | Kingsmith the Mummy Fire Elementalist began the quest for the Orb.
     0 | D:1      | Reached XP level 1. HP: 13/13 MP: 4/4
   548 | D:1      | Reached XP level 2. HP: 19/19 MP: 0/5
   580 | D:1      | Reached skill level 3 in Fire Magic
  1319 | D:2      | Found a white marble altar of Elyvilon.
  1332 | D:2      | Engulfed by a cloud of steam

Skill      XL: |  1  2 |
---------------+-------+-----
Fire Magic     | 3 |  3.4
Dodging        | |  1.5
Stealth        | |  1.5
Spellcasting   | |  2.6
Conjurations   | |  0.7

Action                   || total
-------------------------++-------
Melee: Club              ||    41
 Cast: Flame Tongue      ||    37
Armor: Robe              ||    17
Dodge: Dodged            ||    37
